 Dungeon Crawl Stone Soup version 0.29.1-12-g30fa7ad0bf (webtiles) character file.

Game seed: 12992567827054400560

308 Descartes the Magician (level 6, 0/32 HPs)
             Began as a Deep Elf Earth Elementalist on Jan 14, 2023.
             Killed from afar by donbex's ghost (21 damage)
             ... with a stone arrow
             ... on level 3 of the Dungeon.
             The game lasted 00:04:57 (2582 turns).

Descartes the Magician (DEEE)                       Turns: 2582, Time: 00:04:58

Health: 0/32       AC:  2    Str:  5    XL:     6   Next: 17%
Magic:  12/16      EV: 12    Int: 22    God:
Gold:   304        SH:  0    Dex: 15    Spells: 12/16 levels left

rFire   . . .      SeeInvis .   (no weapon)
rCold   . . .      Faith    .   (no shield)
rNeg    . . .      Spirit   .   a - +0 robe
rPois   .          Reflect  .   (no helmet)
rElec   .          Harm     .   (no cloak)
rCorr   .          Rampage  .   (no gloves)
Will    .....                   (no boots)
Stlth   ++........              (no amulet)
HPRegen 0.10/turn               (no ring)
MPRegen 0.15/turn               (no ring)

@: very slightly contaminated
A: no striking features
a: no special abilities


You were on level 3 of the Dungeon.
You visited 1 branch of the dungeon, and saw 3 of its levels.

You collected 304 gold pieces.

Inventory:

Hand Weapons
 p - a +0 dagger of speed
Missiles
 q - 8 poisoned darts
Armour
 a - a +0 robe (worn)
Scrolls
 e - a scroll of enchant armour {unknown}
 g - 7 scrolls of identify {unknown}
 i - a scroll of magic mapping {unknown}
 j - a scroll of fear {unknown}
 m - a scroll of immolation {unknown}
 n - a scroll of brand weapon {unknown}
 o - a scroll of teleportation {unknown}
Potions
 b - 2 potions of magic
 c - 2 potions of attraction {unknown}
 d - 2 potions of might {unknown}
 f - a potion of brilliance {unknown}
 h - 2 potions of invisibility {unknown}
 k - a potion of heal wounds {unknown}
 l - 2 potions of degeneration {unknown}


   Skills:
 - Level 2.4 Dodging
 - Level 2.4 Stealth
 + Level 5.5 Spellcasting
 + Level 3.7 Conjurations
 - Level 1.1 Transmutations
 + Level 5.1 Earth Magic


You had 12 spell levels left.
You knew the following spells:

 Your Spells              Type           Power      Damage    Failure   Level
a - Sandblast             Erth           56%        2d13      1%          1
b - Stone Arrow           Conj/Erth      50%        3d10      4%          3

Your spell library contained the following spells:

 Spells                   Type           Power      Damage    Failure   Level
 Passwall                 Tmut/Erth      15%        N/A       4%          2
 Petrify                  Tmut/Erth      19%        N/A       26%         4


Dungeon Overview and Level Annotations

Branches:
Dungeon (3/15)

Altars:
Makhleb
Okawaru

Annotations:
D:3 donbex's ghost, amateur GrEE


Message History

The centaur skeleton misses you. The centaur skeleton misses you.
The centaur skeleton kicks you but does no damage.
Casting: Sandblast (safe; 1% risk of failure)
Confirm with . or Enter, or press ? or * to list all spells.
Aiming: Sandblast (safe; 1% risk of failure)
Press: ? - help, Shift-Dir - straight line, f - centaur skeleton
Aim: a centaur skeleton (100% to hit)
The blast of sand hits the centaur skeleton!!
The centaur skeleton is severely damaged.
The centaur skeleton closely misses you.
The centaur skeleton kicks you but does no damage.
The centaur skeleton hits you. The centaur skeleton kicks you.
Casting: Sandblast (safe; 1% risk of failure)
Confirm with . or Enter, or press ? or * to list all spells.
Aiming: Sandblast (safe; 1% risk of failure)
Press: ? - help, Shift-Dir - straight line, f/p - centaur skeleton
Aim: a centaur skeleton (severely damaged, 100% to hit)
The blast of sand hits the centaur skeleton!
You destroy the centaur skeleton!
Casting: Sandblast (safe; 1% risk of failure)
Confirm with . or Enter, or press ? or * to list all spells.
Aiming: Sandblast (safe; 1% risk of failure)
Press: ? - help, Shift-Dir - straight line, f - donbex's ghost
Aim: donbex's ghost, wielding a vorpal weapon (81% to hit)
The blast of sand hits donbex's ghost!
Donbex's ghost is heavily damaged.
Donbex's ghost hits you.
Casting: Sandblast (safe; 1% risk of failure)
Confirm with . or Enter, or press ? or * to list all spells.
Aiming: Sandblast (safe; 1% risk of failure)
Press: ? - help, Shift-Dir - straight line, f/p - donbex's ghost
Aim: donbex's ghost, wielding a vorpal weapon (heavily damaged, 81% to hit)
You miscast Sandblast.
You are very lightly contaminated with residual magic.
Nothing appears to happen.
Donbex's ghost gestures at you while chanting.
The stone arrow hits you!!
Ouch! That really hurt!
You die...

#.# #.....# #.#
#.....#
######.###.....#
##........'.....#
# #####
#..########.....#
#.#.#.#### #.##
###.....#
#.....#..# #.#
#.......#
##$...'..###.#
#.#.....#
#.$...'.ZZW@.#
#.....###
##....'..#####
#####.#
#.....#..# #.#
#.#.#.#### #.# #
# ##### #.# # #.#
# #.### #....
#####


You could see donbex's ghost, a wyvern zombie and a bullfrog skeleton.

Vanquished Creatures
  Sigmund (D:2)
  A centaur skeleton (D:3)
  Jessica (D:3)
  A gnoll (D:1)
  3 adders
  A worm (D:3)
  An orc (D:3)
  4 ball pythons
  An endoplasm (D:2)
  3 giant cockroaches
  6 goblins
  6 hobgoblins
  4 jackals (D:1)
  5 quokkas
  7 bats
  3 frilled lizards
  5 kobolds
  4 rats
57 creatures vanquished.

Notes
Turn   | Place    | Note
-------+----------+-------------------------------------------
     0 | D:1      | Descartes the Deep Elf Earth Elementalist began the quest
                  | for the Orb.
     0 | D:1      | Reached XP level 1. HP: 10/10 MP: 6/6
   225 | D:1      | Reached XP level 2. HP: 14/15 MP: 1/8
   301 | D:1      | Reached skill level 1 in Conjurations
   541 | D:1      | Reached XP level 3. HP: 10/19 MP: 1/10
  1047 | D:2      | Found a burning altar of Makhleb.
  1132 | D:2      | Noticed Sigmund
  1150 | D:2      | Killed Sigmund
  1151 | D:2      | Reached skill level 5 in Spellcasting
  1151 | D:2      | Reached XP level 4. HP: 13/24 MP: 7/13
  1151 | D:2      | Reached XP level 5. HP: 15/28 MP: 7/14
  1455 | D:2      | Learned a level 3 spell: Stone Arrow
  1797 | D:3      | Found an iron altar of Okawaru.
  2028 | D:3      | Found a runed translucent gate.
  2028 | D:3      | Found a runed translucent gate.
  2029 | D:3      | Found a runed translucent gate.
  2034 | D:3      | Noticed donbex's ghost (amateur GrEE)
  2106 | D:3      | Reached skill level 5 in Earth Magic
  2378 | D:3      | Noticed Jessica
  2382 | D:3      | Killed Jessica
  2383 | D:3      | Reached XP level 6. HP: 32/32 MP: 14/16
  2582 | D:3      | Killed from afar by donbex's ghost

Illustrated notes

Levels and vault maps discovered:
D:1:      co_arrival_square_in_a_square_in_a_square, layout_basic, fountainhead,
          bh_walls_and_bars
D:2:      layout_basic, basic_altar, uniq_sigmund
D:3:      layout_basic, amcnicky_altar_gilded, gammafunk_ghost_necromancy,
          uniq_jessica

Skill      XL: |  1  2  3  4  5 |
---------------+----------------+-----
Conjurations   | 1 3 |  3.7
Spellcasting   | 5 |  5.5
Earth Magic    | 4 5 |  5.1
Dodging        | |  2.4
Stealth        | |  2.4
Transmutations | |  1.1

Action                   |  1- 3 |  4- 6 || total
-------------------------+-------+-------++-------
 Cast: Sandblast         |    44 |    44 ||    88
Armor: Robe              |     7 |     6 ||    13
Dodge: Dodged            |    21 |    15 ||    36
